 Dungeon Crawl Stone Soup version 0.17.0-28-g6e173f8 (webtiles) character file.

102 septik the Chopper (level 4, -2/40 HPs)
             Began as a Deep Dwarf Fighter on Nov 25, 2015.
             Slain by Crazy Yiuf
             ... wielding a +3 quarterstaff of chaos
              (7 damage)
             ... on level 2 of the Dungeon.
             The game lasted 00:05:16 (1413 turns).

septik the Chopper (Deep Dwarf Fighter)             Turns: 1413, Time: 00:05:16

Health: -2/40      AC:  6    Str: 20    XL:     4   Next: 50%
Magic:  4/4        EV:  9    Int:  9    God:
Gold:   42         SH:  4    Dex: 12    Spells: 0 memorised, 3 levels left

rFire  . . .     SeeInvis .     a - +0 war axe
rCold  . . .     Clarity  .     b - +0 scale mail
rNeg   . . .     SustAt   .     r - +0 buckler
rPois  .         Gourm    .     (no helmet)
rElec  .         Spirit   .     (no cloak)
rCorr  .         Warding  .     (no gloves)
rMut   .         Stasis   .     (no boots)
MR     .....                    (no amulet)
Stlth  ..........               (no ring)
                                (no ring)

@: non-regenerating, drained, not resistant to hostile enchantments, extremely
unstealthy
A: damage resistance, recharge devices, sense surroundings 1, slow regeneration
3
a: Device Recharging


You were on level 2 of the Dungeon.
You were not hungry.

You visited 1 branch of the dungeon, and saw 2 of its levels.

You collected 42 gold pieces.

Inventory:

Hand Weapons
 a - a +0 war axe (weapon)
Missiles
 g - 39 stones (quivered)
 p - 2 throwing nets
Armour
 b - a +0 scale mail (worn)
 c - a +0 shield
 l - a +0 plate armour
 r - a +0 buckler (worn)
Wands
 e - a wand of heal wounds (4)
Scrolls
 h - a scroll of noise {unknown}
 i - a scroll of fear {unknown}
 j - 3 scrolls of enchant weapon {unknown}
 k - a scroll of fog {unknown}
 o - 2 scrolls of identify {unknown}
Potions
 d - a potion of might
 n - 2 potions of curing
 q - a potion of haste
Comestibles
 f - a bread ration
 m - 3 chunks of flesh


   Skills:
 - Level 2.6(2.4) Fighting
 + Level 5.3(5.0) Axes
 - Level 3.2(3.0) Armour
 - Level 3.2(3.0) Shields


You had 3 spell levels left.
You didn't know any spells.

Dungeon Overview and Level Annotations

Branches:
Dungeon (2/15)

Altars:

Annotations:
D:2 Crazy Yiuf


Innate Abilities, Weirdness & Mutations

You are resistant to damage.
You can recharge devices by infusing magical energy.
You passively map a small area around you.
You do not regenerate naturally.


Message History

Crazy Yiuf says, "I'm not crazy!"
Crazy Yiuf hits you with a quarterstaff of chaos.
* * * LOW HITPOINT WARNING * * *
You feel drained.
You hit Crazy Yiuf but do no damage.
Crazy Yiuf is moderately wounded.
Crazy Yiuf closely misses you.
You completely miss Crazy Yiuf.
Crazy Yiuf is moderately wounded.
Crazy Yiuf hits you with a quarterstaff of chaos.
* * * LOW HITPOINT WARNING * * *
Crazy Yiuf freezes you.
You hit Crazy Yiuf but do no damage.
Crazy Yiuf is moderately wounded.
Crazy Yiuf screams, "Proton green spinner!"
Crazy Yiuf completely misses you.
You closely miss Crazy Yiuf.
Crazy Yiuf is moderately wounded.
Crazy Yiuf hits you with a quarterstaff of chaos!
You die...

#.# #..........
#.# #........(.
#.# #..........
#.# ##.........
#.# #.........
#.###♣♣♣♣♣
#########)
#.#....♣.♣♣♣ ###
#.
#.......♣..♣#...#
#.
#.....♣♣♣♣♣@g...#
#. ##....♣
♣♣#..)# ## ####♣♣
### ########.
*.........
......... * **
......... ,
..######) * ,, ,
. #. , , #.


You could see Crazy Yiuf.

Vanquished Creatures
  Terence (D:2)
  Natasha (D:2)
  An adder (D:2)
  A worm (D:2)
  3 bats (D:1)
  7 goblins (D:1)
  5 hobgoblins
  2 jackals (D:1)
  A quokka (D:2)
  2 giant cockroaches
  2 giant newts
  11 kobolds
  6 rats
43 creatures vanquished.

Notes
Turn   | Place    | Note
--------------------------------------------------------------
     0 | D:1      | septik the Deep Dwarf Fighter began the quest for the Orb.
     0 | D:1      | Reached XP level 1. HP: 20/20 MP: 1/1
   258 | D:1      | Reached XP level 2. HP: 24/27 MP: 2/2
   985 | D:2      | Reached XP level 3. HP: 20/33 MP: 3/3
  1067 | D:2      | Reached skill level 4 in Axes
  1186 | D:2      | Noticed Terence
  1206 | D:2      | Killed Terence
  1206 | D:2      | Reached XP level 4. HP: 37/40 MP: 4/4
  1318 | D:2      | Noticed Natasha
  1330 | D:2      | Killed Natasha
  1330 | D:2      | Reached skill level 5 in Axes
  1404 | D:2      | Noticed Crazy Yiuf
  1413 | D:2      | Slain by Crazy Yiuf

Action                   |  1- 3 |  4- 6 || total
-------------------------+-------+-------++-------
Melee: War axe           |   102 |    20 ||   122
Throw: Stone             |    36 |     7 ||    43
Evoke: Wand              |     1 |       ||     1
  Eat: Chunk             |     1 |     1 ||     2
